 Dungeon Crawl Stone Soup version 0.29.1-15-g9cfb28693d (webtiles) character file.

Game seed: 2950634917491361639

249 monsoonserge the Trooper (level 6, -7/48 HPs)
             Began as a Formicid Abyssal Knight on Apr 26, 2023.
             Was a Priest of Lugonu.
             Killed by divine providence
             ... invoked by an orc priest
              (12 damage)
             ... on level 3 of the Dungeon.
             The game lasted 00:14:33 (2999 turns).

monsoonserge the Trooper (Formicid Abyssal Knight)  Turns: 2999, Time: 00:14:35

Health: -7/48      AC: 11    Str: 19 (20) XL:     6   Next: 34%
Magic:  8/8        EV:  6    Int:  7 (9)  God:    Lugonu [***...]
Gold:   152        SH:  0    Dex: 12 (14) Spells: 5/5 levels left

rFire   + . .      SeeInvis +   p - +2 whip (flame)
rCold   . . .      Faith    .   (no shield)
rNeg    . . .      Spirit   .   e - +0 plate armour
rPois   .          Reflect  .   (helmet unavailable)
rElec   .          Harm     .   (no cloak)
rCorr   +          Rampage  .   (no gloves)
Will    .....                   (no boots)
Stlth   ..........              (no amulet)
HPRegen 0.16/turn               h - ring of resist corrosion
MPRegen 0.11/turn               w - ring of protection from fire

@: no status effects
A: permanent stasis, dig shafts and tunnels, antennae 3, four strong arms
a: Dig, Shaft Self, Renounce Religion, Depart the Abyss, Bend Space, Banish


You were on level 3 of the Dungeon.
You worshipped Lugonu.
Lugonu was most pleased with you.
You visited 1 branch of the dungeon, and saw 3 of its levels.
You visited the Abyss 1 time.

You collected 152 gold pieces.

Inventory:

Hand Weapons
 a - a +1 mace
 p - a +2 whip of flaming (weapon)
 u - a +0 spear of venom
 v - a +0 giant club
Missiles
 d - 28 stones
 r - 5 poisoned darts (quivered)
 x - a throwing net
Armour
 b - a +0 leather armour
 e - a +0 plate armour (worn)
Jewellery
 h - a ring of resist corrosion (left hand)
 w - a ring of protection from fire (right hand)
 z - a ring of fire
Wands
 n - a wand of roots (2)
Scrolls
 f - 2 scrolls of fog {unknown}
 g - 3 scrolls of fear {unknown}
 i - 6 scrolls of identify {unknown}
 j - a scroll of amnesia {unknown}
 o - a scroll of vulnerability {unknown}
 s - a scroll of brand weapon {unknown}
 y - a scroll of blinking {unknown}
Potions
 c - a potion of degeneration
 k - 2 potions of curing {unknown}
 l - a potion of resistance {unknown}
 m - 2 potions of lignification {unknown}
 q - 2 potions of might {unknown}
 t - a potion of brilliance


   Skills:
 + Level 4.2 Fighting
 + Level 3.8 Maces & Flails
 + Level 0.5 Throwing
 * Level 4.1 Armour
 + Level 1.0 Dodging
 * Level 3.6 Invocations


You had 5 spell levels left.
You didn't know any spells.
Your spell library contained the following spells:

 Spells                   Type           Power      Damage    Failure   Level
 Beastly Appendage        Tmut           0%         N/A       100%        1
 Summon Small Mammal      Summ           0%         N/A       100%        1
 Wereblood                Tmut           0%         N/A       100%        2
 Call Canine Familiar     Summ           0%         N/A       100%        3
 Spider Form              Tmut/Pois      0%         N/A       100%        3
 Summon Guardian Golem    Hex/Summ       0%         N/A       100%        3


Dungeon Overview and Level Annotations

Branches:
Dungeon (3/15)

Altars:
Wu Jian

Annotations:
D:3 1 runed translucent door


Innate Abilities, Weirdness & Mutations

You cannot be hasted, slowed, berserked, paralysed or teleported.
You can dig through walls and to a lower floor.
You have a pair of large antennae on your head. (SInv)
Your four strong arms can wield two-handed weapons with a shield.


Message History

You closely miss the orc.
The orc is severely wounded.
The orc hits you but does no damage. x2
You closely miss the orc.
The orc is severely wounded.
The orc hits you with a +0 club. The orc hits you with a +0 dagger.
You closely miss the orc.
The orc is severely wounded.
The orc hits you but does no damage.
The orc priest invokes the aid of Beogh against you.
You struggle to resist.
The orc hits you but does no damage.
Okay, then.
You barely miss the orc.
The orc is severely wounded.
The orc hits you but does no damage.
The orc priest calls upon Beogh to heal the orc.
The orc's wounds heal themselves!
The orc barely misses you.
You hit the orc. You burn the orc.
The orc is severely wounded.
The orc priest hits you with a +0 hand axe.
The orc hits you but does no damage. x2
You closely miss the orc.
The orc is severely wounded.
The orc hits you but does no damage.
The orc priest invokes the aid of Beogh against you.
Beogh smites you! The orc hits you but does no damage.
You whack the orc! You burn the orc.
You kill the orc!
Lugonu accepts your kill. The orc hits you but does no damage.
The orc priest invokes the aid of Beogh against you.
Beogh smites you!
* * * LOW HITPOINT WARNING * * *
It was a potion of degeneration.
There was something very wrong with that liquid.
You feel weakened.
You feel dopey.
You feel clumsy. The orc hits you but does no damage.
The orc priest calls down the wrath of Beogh upon you.
Beogh smites you!
You die...

....# ...# ...# ...#
#..## .#
#######...###.##.
#.....oo#..........
#.....)@.......#..#
#..................
#....)............
#....[..........#
#...............#
#...............## .
#......###.......#..
#......##...........
########.)).........


You could see an orc priest and an orc.

Vanquished Creatures
  An ogre (D:3)
  Natasha (thrice) (D:2)
  An orc wizard (D:3)
  A dart slug (D:1)
  6 orcs
  A ball python (D:1)
  7 endoplasms
  3 giant cockroaches (D:1)
  5 goblins
  8 hobgoblins
  4 jackals
  A quokka (D:1)
  4 bats
  5 frilled lizards
  6 kobolds
  4 rats
60 creatures vanquished.

Vanquished Creatures (others)
  21 plants
21 creatures vanquished.

Grand Total: 81 creatures vanquished

Notes
Turn   | Place    | Note
-------+----------+-------------------------------------------
     0 | Abyss:1  | monsoonserge the Formicid Abyssal Knight began the quest
                  | for the Orb.
     0 | Abyss:1  | Reached XP level 1. HP: 18/18 MP: 2/2
    16 | D:1      | Escaped the Abyss
   265 | D:1      | Reached skill level 1 in Dodging
   276 | D:1      | Reached XP level 2. HP: 23/24 MP: 3/3
   595 | D:1      | Reached XP level 3. HP: 19/29 MP: 4/4
   775 | D:1      | Found a faded altar of an unknown god.
  1365 | D:2      | Reached *** piety under Lugonu
  1436 | D:2      | Noticed Natasha
  1443 | D:2      | Killed Natasha
  1444 | D:2      | Reached XP level 4. HP: 29/37 MP: 6/6
  1559 | D:2      | Noticed an ogre
  1564 | D:2      | Noticed Natasha
  1823 | D:3      | Found an ornate altar of the Wu Jian Council.
  1903 | D:3      | Killed an ogre
  1904 | D:3      | Reached XP level 5. HP: 29/42 MP: 7/7
  2006 | D:2      | Killed Natasha
  2350 | D:2      | Noticed Natasha
  2366 | D:2      | Killed Natasha
  2367 | D:2      | Reached XP level 6. HP: 10/48 MP: 8/8
  2854 | D:3      | Found a runed translucent door.
  2999 | D:3      | Killed from afar by an orc priest

Illustrated notes

Levels and vault maps discovered:
D:1:      psy_arrival_conway, layout_basic, dreamdust_ecumenical_altar_grove
D:2:      layout_loops_ring, serial_forest, infiniplex_forest_clump_double,
          infiniplex_forest_clump_long, infiniplex_forest_lined_corner,
          infiniplex_forest_zigzag_1, infiniplex_forest_lined_2,
          infiniplex_forest_end_3, infiniplex_forest_clump_medium,
          minmay_fractal_squares_5, uniq_natasha
D:3:      minmay_spotlight, layout_rooms, mainiacjoe_overflow_chevrons,
          mainiacjoe_overflow_alcove_2, trog_book, ebering_ghost_sewer_f,
          minmay_misc_feat_rows, serial_bayou_ford_a,
          hangedman_decor_peaks_small

Skill      XL: |  1  2  3  4  5  6 |
---------------+-------------------+-----
Dodging        | 1 |  1.0
Armour         | 3 4 |  4.1
Fighting       | 4 |  4.2
Maces & Flails | 3 |  3.8
Invocations    | 3 |  3.6
Throwing       | |  0.5

Action                   |  1- 3 |  4- 6 || total
-------------------------+-------+-------++-------
Melee: Mace              |    74 |       ||    74
       Whip              |    18 |    88 ||   106
       Punch             |       |     3 ||     3
Throw: Dart              |       |     7 ||     7
Invok: Bend Space        |       |     2 ||     2
  Use: Potion            |       |     1 ||     1
Armor: Plate armour      |    60 |    49 ||   109
       Leather armour    |     2 |       ||     2
Dodge: Dodged            |    27 |    28 ||    55
